← All builds
Beach sea / Legion / Economy first / OBSERVED BUILD

Standard beach sea

Builds a shipyard early, gets a Syracusia out fast to contest or scout enemy sea entry, then expands into an Advanced Metal Extractor and more navy over the first 15 minutes.

Usually shipyard first (76%)

#naval #eco · 21 distinct matches · 14 players · 78% of Legion Beach sea games · team won 24% of 21 · Recently observed

HOW TO PLAY IT

Key timing: First Syracusia by 4:42

  1. Take 3 mex, then send the commander to build the shipyard.
  2. Get the shipyard up fast to start early sea presence.
  3. Add tidal generators for the energy to sustain frigate output.
  4. Push the first Syracusia out to contest or scout the sea.
  5. Bring advanced mex online to catch up economy for the late game.

Phase by phase

TYPICAL OF ITS 21 GAMES
  1. 1
  2. 2
  3. 3
PLAY THE OPENING

Follow the example game's first 6:00 step by step: what to build now, what comes next, and where it goes. At 1× it keeps pace with your own game.

  1. 1

    Up to the Shipyard

    Economy
    • Metal Extractor3Mex
    • Wind Turbine4Wind
    • Energy Storage1Energy storage
    Order
    1. ShipyardShipyard after 3 mex, 4 wind, 1 energy storagedone ~2:04, middle half 1:42–2:26

    Some games also: wind for allies (48%)

    By 1:48 in all: 3 mex · 4 wind · 1 energy storage

    The example game in this phase · 4 steps
    1. Mex ×3
    2. Wind
    3. Tidal
    4. ShipyardShipyarddone 1:21 · typical 2:04
  2. 2

    Shipyard to 5:00

    Economy
    • Metal Extractor4Mex
    • Tidal Generator2Tidal
    Builders
    • Construction Ship2 Con ship
    Army
    • Iapetus1 Iapetus
    • Syracusia1 Syracusia
    • Legion Drone1 Legion Drone
    • Argonaut1 Argonaut

    Some games also: Naval Radar / Sonar Tower (48%) · Hippocampus (43%) · con turret (33%)

    By 5:00 in all: 8 mex · 5 wind · 2 tidal · 1 energy storage

    The example game in this phase · 23 steps
    1. Tidal
    2. IapetusIapetus
    3. Construction ShipCon ship
    4. Tidal ×2
    5. ArgonautArgonaut
    6. Mex
    7. ArgonautArgonaut ×2
    8. Mex
    9. Converter ×4
    10. SyracusiaSyracusiadone 4:43 · typical 4:41
    11. Con turret
    12. Mex ×2
    13. Wind ×3
    14. Naval Radar / Sonar TowerNaval Radar / Sonar Tower
    15. Wind ×3
    16. Wind
    17. Wind
    18. Legion DroneLegion Drone
    19. SyracusiaSyracusia
    20. Mex
    21. Wind
    22. Wind
    23. Wind
  3. 3

    5:00 to 10:00

    Economy
    • Metal Extractor1Mex
    Builders
    • Dionysus1 Dionysus
    Army
    • Pharos1 Pharos
    • Legion Drone8 Legion Drone
    • Syracusia3 Syracusia
    • Argonaut1 Argonaut
    Other
    • Naval Radar / Sonar Tower1 Naval Radar / Sonar Tower

    Some games also: Iapetus (48%) · tidal (48%) · wind (43%) · con ship (43%) · Stheno (43%)

    By 10:00 in all: 9 mex · 5 wind · 4 tidal · 1 energy storage

    The example game in this phase · 143 steps
    1. Wind
    2. Wind
    3. Legion DroneLegion Drone
    4. Wind
    5. Wind
    6. Wind
    7. Naval Radar / Sonar TowerNaval Radar / Sonar Tower
    8. Wind
    9. Wind
    10. Wind
    11. Wind
    12. Wind
    13. Naval Radar / Sonar TowerNaval Radar / Sonar Tower
    14. Hovercraft PlatformHovercraft Platformdone 6:10
    15. DionysusDionysus
    16. Wind
    17. Naval Radar / Sonar TowerNaval Radar / Sonar Tower
    18. SyracusiaSyracusia
    19. Wind
    20. NereusNereus ×2
    21. PolybolosPolybolos
    22. Wind
    23. NereusNereus ×2
    24. Mex
    25. Wind
    26. Energy storage
    27. Wind
    28. Mex
    29. Wind ×4
    30. Advanced Metal ExtractorT2 mexdone 8:51 · typical 9:35
    31. Wind
    32. Wind
    33. ArgusArgus
    34. NereusNereus
    35. Legion DroneLegion Drone
    36. SyracusiaSyracusia
    37. Wind
    38. Wind
    39. ArgusArgus
    40. Wind
    41. Wind
    42. Legion DroneLegion Drone
    43. ArgusArgus
    44. Wind ×2
    45. Wind
    46. Wind
    47. SalaciaSalacia
    48. Wind
    49. ArgusArgus
    50. Wind
    51. ArgusArgus
    52. Wind
    53. Legion DroneLegion Drone
    54. Wind
    55. SyracusiaSyracusia
    56. Wind
    57. Wind
    58. Advanced Metal ExtractorT2 mex
    59. ArgusArgus
    60. Wind
    61. Wind
    62. Legion DroneLegion Drone
    63. SalaciaSalacia
    64. Wind
    65. Naval Radar / Sonar TowerNaval Radar / Sonar Tower
    66. Wind
    67. Wind
    68. Wind
    69. Wind
    70. Naval Radar / Sonar TowerNaval Radar / Sonar Tower
    71. Legion DroneLegion Drone
    72. SyracusiaSyracusia
    73. Wind
    74. Legion DroneLegion Drone ×2
    75. SalaciaSalacia
    76. Advanced Metal ExtractorT2 mex
    77. Wind
    78. Legion DroneLegion Drone
    79. Naval Radar / Sonar TowerNaval Radar / Sonar Tower
    80. Legion DroneLegion Drone
    81. SyracusiaSyracusia
    82. Wind
    83. SalaciaSalacia
    84. Legion DroneLegion Drone ×2
    85. SalaciaSalacia
    86. Legion DroneLegion Drone
    87. Naval Radar / Sonar TowerNaval Radar / Sonar Tower
    88. Legion DroneLegion Drone
    89. SalaciaSalacia
    90. Legion DroneLegion Drone
    91. SalaciaSalacia
    92. OcteresOcteresdone 12:59
    93. Legion DroneLegion Drone ×4
    94. SalaciaSalacia
    95. Con turret
    96. Naval Radar / Sonar TowerNaval Radar / Sonar Tower
    97. Legion DroneLegion Drone ×3
    98. Mex
    99. SalaciaSalacia
    100. Con turret
    101. Legion DroneLegion Drone ×2
    102. Mex
    103. Con turret
    104. SalaciaSalacia
    105. Legion DroneLegion Drone ×2
    106. Con turret
    107. Legion DroneLegion Drone
    108. OcteresOcteres
    109. Legion DroneLegion Drone
    110. Advanced Metal ExtractorT2 mex
    111. Legion DroneLegion Drone ×2
    112. BrambleBramble
    113. Legion DroneLegion Drone ×2
    114. BrambleBramble
    115. Legion DroneLegion Drone
    116. Construction ShipCon ship
    117. Legion DroneLegion Drone
    118. Naval Construction Turret
    119. BrambleBramble
    120. Legion DroneLegion Drone ×2
    121. Naval Construction Turret
    122. Legion DroneLegion Drone
    123. BrambleBramble
    124. Naval Construction Turret ×2
    125. Legion DroneLegion Drone
    126. Naval Construction Turret
    127. Legion DroneLegion Drone
    128. Naval Construction Turret
    129. Legion DroneLegion Drone
    130. Naval Construction Turret
    131. Legion DroneLegion Drone
    132. Naval Construction Turret
    133. Legion DroneLegion Drone
    134. IapetusIapetus ×2
    135. Legion DroneLegion Drone ×2
    136. IapetusIapetus
    137. Legion DroneLegion Drone
    138. IapetusIapetus
    139. Legion DroneLegion Drone
    140. Advanced ShipyardAdvanced Shipyarddone 14:53
    141. Legion DroneLegion Drone
    142. IapetusIapetus
    143. Legion DroneLegion Drone ×6

Counts are medians over the build's games: half of them build more, half fewer. The example game is yeskinkot's (39 OS, 11/09/2026); pick another.

Team trades

IN AT LEAST 30% OF ITS GAMES

You hand over

  • Wind Turbine3 Wind to Airfirst at 1:49 · in 57% of games

You get

  • Hippotes1 Hippotes from Airfirst at 2:08 · in 33% of games
  • Construction Bot1 Con bot from Geofirst at 2:22 · in 52% of games
  • Lazarus1 Lazarus from Geofirst at 2:22 · in 43% of games
  • Advanced Construction Bot1 T2 con bot from Tech or Geofirst at 7:50 · in 76% of games

How it plays out

Typical game of this build, running totals by minute

Metal produced

010k20k30k
0:005:0010:0015:00

metal

Enemy metal destroyed

02.5k5k7.5k
0:005:0010:0015:00

metal

Own metal lost

02k4k6k
0:005:0010:0015:00

metal

21 games.

Show as table
ByMetal produced: This buildEnemy metal destroyed: This buildOwn metal lost: This build
1:0039800
2:0093500
3:00153100
4:002549030
5:0037535050
6:005011380120
7:0064571050280
8:0080321416650
9:0094481654730
10:001126829531010
11:001296240941616
12:001583242731626
13:001858449803245
14:002045058283401
15:002303264414707
WHAT THE NUMBERS SAY

Standard beach sea has by far the lowest team win rate of the six builds despite comparable early frigate timing, suggesting the natural resource disadvantage described for this role bites hard.

  • + First Syracusia at 4:42, faster than geo sea's 5:18 equivalent.
  • + Metal produced by 5:00 reaches 3704, close to other sea roles.
  • − Team win rate is only 21%, far below every other standard build shown.
  • − T2 factory completes in just 21% of games, the lowest tech follow-through listed.
THE EXAMPLE YOU ARE READING

yeskinkot

39.3 OS · 11/09/2026

Open source match ↗

8 received units · includes a constructor
242 metal received · 58376 energy received

Allied construction assistance is unknown. Timings are observations, not a promise of solo reproducibility.

Typical milestones

Shipyard2:04Middle 50%: 1:42–2:26 · n=21
Syracusia4:41Middle 50%: 3:58–5:46 · n=19
Advanced Metal Extractor9:35Middle 50%: 9:02–9:46 · n=15

Played most by

Rysica5games of this buildEpicTyrannus3games of this buildEXZoPrimer32games of this build[Crd]TheKingOfAll1game of this buildCommandoMan1game of this build